 Dungeon Sprint DCSS version 0.23-a0-494-g91793a9 (webtiles) character file.

25 JosiahThimblerig the Protected (level 3, 0/27 HPs)
             Began as a Gnoll Wanderer on Dec 3, 2018.
             Slain by an ogre
             ... wielding a +0 giant club
              (9 damage)
             ... in the Dungeon (Sprint I: "Red Sonja").
             The game lasted 00:01:52 (93 turns).

JosiahThimblerig the Protected (Gnoll Wanderer)       Turns: 93, Time: 00:01:53

Health: 0/27       AC: 11    Str: 17    XL:     3   Next: 4%
Magic:  9/9        EV:  8    Int: 13    God:
Gold:   0          SH:  0    Dex: 13    Spells: 12/12 levels left

rFire    . . .     SeeInvis .   d - +0 club
rCold    . . .     Gourm    .   (no shield)
rNeg     . . .     Faith    .   e - +0 chain mail
rPois    .         Spirit   .   (no helmet)
rElec    .         Reflect  .   (no cloak)
rCorr    .         Harm     .   (no gloves)
MR       .....     NoTele   +   (no boots)
Stlth    ..........             (no amulet)
HPRegen  0.09/turn              (no ring)
MPRegen  0.11/turn              (no ring)

@: no status effects
A: distributed training, fangs 1, strong nose
a: no special abilities


You were in the Dungeon.
You were not hungry.

You visited 1 branch

Inventory:

Hand Weapons
 d - a +0 club (weapon)
Armour
 a - a +2 scale mail
 e - a +0 chain mail (worn)
Scrolls
 j - a scroll of blinking
Potions
 b - a potion of lignification
 c - 2 potions of curing
 g - a potion of haste
 h - 2 potions of magic
 i - a potion of berserk rage
Comestibles
 f - a ration


   Skills:
 + Level 1.7 Fighting
 + Level 1.7 Short Blades
 + Level 1.7 Long Blades
 + Level 1.7 Axes
 + Level 1.7 Maces & Flails
 + Level 1.7 Polearms
 + Level 1.7 Staves
 + Level 1.7 Slings
 + Level 1.7 Bows
 + Level 1.7 Crossbows
 + Level 3.1 Throwing
 + Level 10.5 Armour
 + Level 1.7 Dodging
 + Level 1.7 Stealth
 + Level 3.1 Shields
 + Level 1.7 Unarmed Combat
 + Level 5.2 Spellcasting
 + Level 1.3 Conjurations
 + Level 1.3 Hexes
 + Level 1.3 Charms
 + Level 2.5 Summonings
 + Level 1.3 Necromancy
 + Level 1.3 Translocations
 + Level 1.3 Transmutations
 + Level 1.3 Fire Magic
 + Level 1.3 Ice Magic
 + Level 1.3 Air Magic
 + Level 1.3 Earth Magic
 + Level 1.3 Poison Magic
 + Level 1.9 Invocations
 + Level 1.7 Evocations


You had 12 spell levels left.
You didn't know any spells.
Your spell library was empty.

Dungeon Overview and Level Annotations

Branches:
Dungeon (1/1)

Altars:


Innate Abilities, Weirdness & Mutations

Your experience applies equally to all skills.
You have very sharp teeth.
Your uncanny sense of smell can sniff out nearby items.


Message History

You open the door.
An ogre comes into view. It is wielding a +0 giant club.
The ogre shouts!
There is an open door here.
You hit the ogre.
The ogre is lightly wounded.
The ogre barely misses you.
You hit the ogre but do no damage.
The ogre is lightly wounded.
The ogre closely misses you.
You hit the ogre.
The ogre is moderately wounded.
The ogre closely misses you.
You hit the ogre.
The ogre is moderately wounded.
The ogre hits you but does no damage.
You barely miss the ogre.
The ogre is moderately wounded.
The ogre hits you with a +0 giant club!
You die...

##########
#<.#..@O.#
∆
#..'..#..+
∆
#..#####+#
#..# ∆∆
∆∆∆ #..#
∆∆ #..#
#⌠⌠# ####
∆∆


You could see an ogre.

Vanquished Creatures
  Ijyb (D)
1 creature vanquished.

Notes
Turn   | Place    | Note
-------+----------+-------------------------------------------
     0 | D        | Reached skill level 10 in Armour
     0 | D        | JosiahThimblerig the Gnoll Wanderer began the quest for the
                  | Orb.
     0 | D        | JosiahThimblerig set off with the following items: a +2
                  | scale mail, a potion of lignification, 2 potions of curing,
                  | a +0 club, a potion of heal wounds, a ration, a potion of
                  | haste, 2 potions of magic, a potion of berserk rage, a
                  | scroll of blinking
     0 | D        | Reached XP level 1. HP: 13/13 MP: 6/6
     2 | D        | Noticed Ijyb
    73 | D        | Killed Ijyb
    73 | D        | Reached skill level 1 in Fighting
    73 | D        | Reached skill level 1 in Short Blades
    73 | D        | Reached skill level 1 in Long Blades
    73 | D        | Reached skill level 1 in Axes
    73 | D        | Reached skill level 1 in Maces & Flails
    73 | D        | Reached skill level 1 in Polearms
    73 | D        | Reached skill level 1 in Staves
    73 | D        | Reached skill level 1 in Slings
    73 | D        | Reached skill level 1 in Bows
    73 | D        | Reached skill level 1 in Crossbows
    73 | D        | Reached skill level 1 in Dodging
    73 | D        | Reached skill level 1 in Stealth
    73 | D        | Reached skill level 1 in Unarmed Combat
    73 | D        | Reached skill level 5 in Spellcasting
    73 | D        | Reached skill level 1 in Conjurations
    73 | D        | Reached skill level 1 in Hexes
    73 | D        | Reached skill level 1 in Charms
    73 | D        | Reached skill level 1 in Necromancy
    73 | D        | Reached skill level 1 in Translocations
    73 | D        | Reached skill level 1 in Transmutations
    73 | D        | Reached skill level 1 in Fire Magic
    73 | D        | Reached skill level 1 in Ice Magic
    73 | D        | Reached skill level 1 in Air Magic
    73 | D        | Reached skill level 1 in Earth Magic
    73 | D        | Reached skill level 1 in Poison Magic
    73 | D        | Reached skill level 1 in Invocations
    73 | D        | Reached skill level 1 in Evocations
    73 | D        | Reached XP level 2. HP: 6/22 MP: 8/8
    73 | D        | Reached XP level 3. HP: 7/27 MP: 9/9
    87 | D        | Noticed an ogre
    93 | D        | Slain by an ogre

Vault maps used:
D:        dungeon_sprint_1

Skill      XL: |  1 |
---------------+----+-----
Armour         | | 10.5
Fighting       | 1 |  1.7
Short Blades   | 1 |  1.7
Long Blades    | 1 |  1.7
Axes           | 1 |  1.7
Maces & Flails | 1 |  1.7
Polearms       | 1 |  1.7
Staves         | 1 |  1.7
Slings         | 1 |  1.7
Bows           | 1 |  1.7
Crossbows      | 1 |  1.7
Throwing       | 3 |  3.1
Dodging        | 1 |  1.7
Stealth        | 1 |  1.7
Shields        | 3 |  3.1
Unarmed Combat | 1 |  1.7
Spellcasting   | 5 |  5.2
Conjurations   | 1 |  1.3
Hexes          | 1 |  1.3
Charms         | 1 |  1.3
Summonings     | 2 |  2.5
Necromancy     | 1 |  1.3
Translocations | 1 |  1.3
Transmutations | 1 |  1.3
Fire Magic     | 1 |  1.3
Ice Magic      | 1 |  1.3
Air Magic      | 1 |  1.3
Earth Magic    | 1 |  1.3
Poison Magic   | 1 |  1.3
Invocations    | 1 |  1.9
Evocations     | 1 |  1.7

Action                   || total
-------------------------++-------
Melee: Club              ||    75
       Bite              ||    11
  Use: Potion            ||     1
Armor: Scale mail        ||    46
       Chain mail        ||     1
Dodge: Dodged            ||    34

Table legend:
 A = Non-vault XP
 B = Vault XP
 C = Vault XP percentage of total XP
 D = Non-vault monster count
 E = Vault monster count
 F = Vault count percentage of total count
                 A         B        C        D         E       F
            +---------+---------+-------+---------+---------+-------
      Total |       0 |      36 | 100.0 |       0 |       1 | 100.0
            +---------+---------+-------+---------+---------+-------
          D |       0 |      36 | 100.0 |       0 |       1 | 100.0
            +---------+---------+-------+---------+---------+-------
